 Dungeon Crawl Stone Soup version 0.26-a0-388-gf3277c4969 (webtiles) character file.

Game seed: 12577154910820594192

281 KristoblXynda the Slasher (level 6, -5/50 HPs)
             Began as a Draconian Gladiator on July 21, 2020.
             Killed by nerve-wracking pain
             ... invoked by Grinder
              (11 damage)
             ... on level 4 of the Dungeon.
             The game lasted 00:04:27 (2970 turns).

KristoblXynda the Slasher (Draconian Gladiator)     Turns: 2970, Time: 00:04:28

Health: -5/50      AC:  0    Str: 17    XL:     6   Next: 6%
Magic:  6/6        EV: 16    Int: 10    God:
Gold:   174        SH:  0    Dex: 12    Spells: 5/5 levels left

rFire    . . .     SeeInvis .   (weapon currently unavailable)
rCold    . . .     Faith    .   (shield currently unavailable)
rNeg     . . .     Spirit   .   (armour unavailable)
rPois    .         Reflect  .   (helmet currently unavailable)
rElec    .         Harm     .   (cloak currently unavailable)
rCorr    .                      (gloves currently unavailable)
MR       .....                  (boots currently unavailable)
Stlth    +.........             (no amulet)
HPRegen  0.16/turn              (ring currently unavailable)
MPRegen  0.10/turn              (ring currently unavailable)

@: lethally poisoned (-5 -> -8), pig-form, berserk cooldown, slowed
A: small, unfitting armour, AC +6
a: no special abilities


You were on level 4 of the Dungeon.
You were a filthy swine.
You visited 1 branch of the dungeon, and saw 4 of its levels.

You collected 174 gold pieces.

Inventory:

Hand Weapons
 a - a +1 long sword (melded)
Missiles
 c - 3 throwing nets (quivered)
 p - 5 javelins
Armour
 b - a +0 hat (melded)
 m - a +0 pair of gloves (melded)
Jewellery
 g - a ring of protection from magic (melded)
Wands
 j - a wand of digging (6)
Scrolls
 d - a scroll of teleportation
 e - 3 scrolls of remove curse
 h - 3 scrolls of amnesia
Potions
 l - a potion of might
 q - a potion of brilliance {unknown}


   Skills:
 + Level 2.9 Fighting
 + Level 4.5 Long Blades
 + Level 3.3 Throwing
 + Level 4.1 Dodging


You had 5 spell levels left.
You didn't know any spells.
Your spell library was empty.

Dungeon Overview and Level Annotations

Branches:
Dungeon (4/15)             Temple (0/1) D:4

Altars:
Qazlal
Sif Muna
Uskayaw

Annotations:
D:4 Grinder, Purgy


Innate Abilities, Weirdness & Mutations

((Your plain brown scales are hard. (AC +6)))
You cannot fit into any form of body armour.
((You are cold-blooded and may be slowed by cold attacks.))


Message History

Your +1 long sword melds into your body.
Your +0 hat melds into your body.
Your +0 pair of gloves melds into your body.
Your ring of protection from magic melds into your body.
Grinder zaps a wand.
You resist with some effort.
You hear a shout!
You feel sick.
You hear a shout!
The kobold throws a poisoned dart.
The poisoned dart misses you.
You see here a poisoned dart.
Grinder says, "You look like you could use a good racking."
Grinder completely misses you.
You barely miss Grinder.
You feel sick. Grinder hits you!
* * * LOW HITPOINT WARNING * * *
You writhe in agony.
* * * LOW HITPOINT WARNING * * *
The kobold throws a poisoned dart.
The poisoned dart misses you. Grinder gestures at you.
Pain shoots through your body!
You die...

* ***#####....P##*** *,,**,, **
**,,..........P♣## ****,,,
,*****,,*#........P.P.♣******,,,,
,,,,,,,***,*#....K#,,,,,**,,,,,,,
,,,******,,*#....$#*,*,,,**,*,,,,
,,** ***,**#.....#**,,,,,*,,,,,,
,,,* #,,,* ##(5..##**,,,,,,,,,,,
,,,####.*** ##...P♣****,,,,,,,,,
,,,.....#### ###h.♣P#****,*,,,,,,
,,,........###.(†)##.P****,,,,,,,
,*,###.........###†#♣♣P.*,,*,,,,,
,*,........###.# #.#*,,.♣**,,,,,,
,,,......T<....# #.(#**,.,*,,,,,,
,,,............# #### ****,,,,,,,
,,,........##.## ****,,,,
,,,........#,,.#**** ****,,,,
,,,>........,,,..,,* *,,,,,,,


You could see Grinder and a kobold.

Vanquished Creatures
  2 orc priests (D:3)
  2 worker ants (D:4)
  Robin (D:2)
  5 adders
  2 worms
  2 dart slugs (D:3)
  4 leopard geckos
  14 orcs (D:3)
  5 bats
  6 giant cockroaches
  14 goblins
  11 hobgoblins
  4 jackals (D:3)
  2 quokkas (D:3)
  6 frilled lizards
  8 kobolds
  6 rats
94 creatures vanquished.

Notes
Turn   | Place    | Note
-------+----------+-------------------------------------------
     0 | D:1      | KristoblXynda the Draconian Gladiator began the quest for
                  | the Orb.
     0 | D:1      | Reached XP level 1. HP: 17/17 MP: 1/1
    69 | D:1      | Reached XP level 2. HP: 19/24 MP: 2/2
   844 | D:2      | Found a faded altar of an unknown god.
   892 | D:2      | Found a stormy altar of Qazlal.
   896 | D:2      | Reached XP level 3. HP: 29/29 MP: 3/3
  1056 | D:2      | Noticed Robin
  1080 | D:2      | Killed Robin
  1095 | D:2      | Reached XP level 4. HP: 14/36 MP: 4/4
  1446 | D:2      | Noticed a +0 dagger
  1446 | D:2      | Noticed a +0 hand axe
  1447 | D:2      | Found a hide-covered altar of Uskayaw.
  1761 | D:2      | Found a shimmering blue altar of Sif Muna.
  2042 | D:3      | Reached XP level 5. HP: 35/41 MP: 5/5
  2929 | D:4      | Noticed Purgy
  2934 | D:4      | Noticed Grinder
  2955 | D:4      | Reached XP level 6. HP: 16/50 MP: 6/6
  2970 | D:4      | Killed from afar by Grinder

Illustrated notes

Levels and vault maps discovered:
D:1:      shiori_arrival_maze, layout_basic
D:2:      layout_loops_ring, dancing_weapons_uskayaw,
          lemuel_coloured_pillars_altar, lemuel_blue_sif_altar,
          chequers_ecumenical_altar_simple, kennysheep_generic_room_5,
          uniq_robin
D:3:      layout_loops_cross, serial_park_tiny_2
D:4:      kennysheep_kobold_camp, layout_rooms, grunt_temple_overflow_open,
          minmay_temple_entry_drinking_statues, uniq_purgy, uniq_grinder

Skill      XL: |  1  2  3  4  5 |
---------------+----------------+-----
Throwing       | 2 3 |  3.3
Dodging        | 3 4 |  4.1
Long Blades    | 4 |  4.5
Fighting       | |  2.9

Action                   |  1- 3 |  4- 6 || total
-------------------------+-------+-------++-------
Melee: Long sword        |    90 |   119 ||   209
       Tailslap          |    15 |    21 ||    36
       Unarmed           |       |     1 ||     1
  Use: Potion            |     1 |     3 ||     4
       Scroll            |       |     8 ||     8
 Stab: Sleeping          |       |     3 ||     3
Armor: Skin              |    27 |    29 ||    56
Dodge: Dodged            |    74 |   100 ||   174
       Rpst.: Long sword |    16 |    32 ||    48

Table legend: (Time is in decaauts)
 A = Elapsed time spent in this place.
 B = Non-inter-level travel time spent in this place.
 C = Inter-level travel time spent in this place.
 D = Time resting spent in this place.
 E = Time spent auto-exploring this place.
 F = Levels seen in this place.
 G = Mean time per level.
                   A        B        C        D        E       F      G
               +--------+--------+--------+--------+--------+-----+--------+
         Total |   3011 |   2961 |     50 |    465 |   1835 |   4 |  752.8 |
       Dungeon |   3011 |   2961 |     50 |    465 |   1835 |   4 |  752.8 |
               +--------+--------+--------+--------+--------+-----+--------+
Top levels by time: D:2: 1280 daAuts D:3: 1041 daAuts D:1: 648 daAuts D:4: 41 daAuts
